 Dungeon Crawl Stone Soup version 0.21.1-1-g345015f (webtiles) character file.

41 Monsterracer the Chucker (level 3, 0/18 HPs)
             Began as a Spriggan Hunter on Feb 21, 2018.
             Slain by an adder (4 damage)
             ... on level 2 of the Dungeon on Feb 22, 2018.
             The game lasted 00:03:25 (1780 turns).

Monsterracer the Chucker (Spriggan Hunter)          Turns: 1780, Time: 00:03:25

Health: 0/18       AC:  2    Str:  8    XL:     3   Next: 32%
Magic:  4/4        EV: 18    Int: 12    God:
Gold:   109        SH:  0    Dex: 17    Spells: 2/2 levels left

rFire    . . .     SeeInvis +     - Unarmed
rCold    . . .     Gourm    .   (shield restricted)
rNeg     . . .     Faith    .   b - +0 robe
rPois    .         Spirit   .   (helmet restricted)
rElec    .         Reflect  .   (no cloak)
rCorr    .         Harm     .   (gloves unavailable)
MR       .....                  (boots unavailable)
Stlth    ++........             (no amulet)
HPRegen  0.06/turn              (no ring)
MPRegen  0.09/turn              (no ring)

@: lethally poisoned (0 -> -3), very quick
A: very small, unfitting armour, see invisible, herbivore, speed 3, slow
metabolism 2
a: no special abilities


You were on level 2 of the Dungeon.
You were not hungry.

You visited 1 branch of the dungeon, and saw 2 of its levels.

You collected 109 gold pieces.

Inventory:

Missiles
 d - a throwing net
 f - 8 tomahawks (quivered)
 k - 3 stones
Armour
 b - a +0 robe (worn)
Scrolls
 e - 4 scrolls of identify {unknown}
 g - 2 scrolls of remove curse {unknown}
 h - 2 scrolls of enchant armour {unknown}
 j - a scroll of noise {unknown}
Potions
 a - a potion of flight {unknown}
 i - a potion of heal wounds {unknown}
 l - a potion of berserk rage {unknown}
Comestibles
 c - a ration


   Skills:
 - Level 1.5 Fighting
 - Level 4.0 Throwing
 - Level 3.0 Dodging
 - Level 1.5 Stealth
 + Level 2.5 Unarmed Combat


You had 2 spell levels left.
You didn't know any spells.

Dungeon Overview and Level Annotations

Branches:
Dungeon (2/15)

Altars:


Innate Abilities, Weirdness & Mutations

You are very small and have problems with some larger weapons.
You are too small for most types of armour.
You have supernaturally acute eyesight. (SInv)
You are a herbivore.
You cover ground extremely quickly.
You need consume almost no food.


Message History

The kobold shouts!
The frilled lizard moves out of view.
Found a fizzy dark potion.
The kobold closely misses you.
You hit the kobold.
The kobold is heavily wounded.
The kobold misses you.
You closely miss the kobold.
The kobold is heavily wounded.
The kobold barely misses you.
You hit the kobold.
You kill the kobold!
The frilled lizard bites you but does no damage.
You hit the frilled lizard.
You kill the frilled lizard!
No target in view!
No target in view!
A rat comes into view.
A rat is nearby!
A rat is nearby!
A rat is nearby!
You see here 5 javelins.
You see here a fizzy dark potion.
You hit the rat.
You kill the rat!
No target in view!
No target in view!
l - a fizzy dark potion
Found a leather armour.
Found a stone staircase leading up.
Found a stone staircase leading down.
You now have 96 gold pieces (gained 16).
There is a stone staircase leading down here.
You now have 109 gold pieces (gained 13).
A rat comes into view.
A rat is nearby!
A rat is nearby!
You hit the rat.
You kill the rat!
No target in view!
No target in view!
Welcome back, Monsterracer the Spriggan Hunter.
Press ? for a list of commands and other information.
Found a shield.
g - 2 scrolls labeled LUGEPS POTSYE (gained 1)
A hobgoblin comes into view. It is wielding a club.
Found 11 gold pieces.
A hobgoblin is nearby!
A hobgoblin is nearby!
The hobgoblin shouts!
You hear an angry hiss.
An adder comes into view.
Found an escape hatch in the floor.
The hobgoblin hits you with a club.
You take 6 damage, and have 12/18 hp.
MASSIVE DAMAGE!!
You are too injured to fight recklessly!
You are too injured to fight recklessly!
You are too injured to fight recklessly!
You hit the hobgoblin.
The hobgoblin is severely wounded.
The hobgoblin closely misses you.
You hit the hobgoblin but do no damage.
The hobgoblin is severely wounded.
The hobgoblin misses you. The adder completely misses you.
You hit the hobgoblin.
You kill the hobgoblin!
The adder misses you. The adder barely misses you.
Things that are here:
a club; a hobgoblin corpse The adder barely misses you.
Found 6 gold pieces.
You miss the adder. The adder closely misses you.
You hit the adder.
The adder is lightly wounded.
The adder bites you.
* * * LOW HITPOINT WARNING * * *
You are poisoned.
The adder poisons you!
You take 3 damage, and have 9/18 hp.
You barely miss the adder.
The adder is lightly wounded.
You feel sick. The adder misses you. The adder closely misses you.
A bat comes into view.
You take 1 damage, and have 8/18 hp.
You hit the adder.
The adder is moderately wounded.
The adder bites you.
* * * LOW HITPOINT WARNING * * *
You take 2 damage, and have 6/18 hp.
You barely miss the adder.
The adder is moderately wounded.
* * * LOW HITPOINT WARNING * * *
You feel sick. The adder misses you.
You take 1 damage, and have 5/18 hp.
You miss the adder.
The adder is moderately wounded.
The bat hits you.
* * * LOW HITPOINT WARNING * * *
The adder bites you.
You die...

.... #....†..# ..#.
.........#.....### ..#.#
#........#.....##.
.....##..###...#........
.>...... ..............
#.....$ .[........#.#.
.##.....#+##........#.#.
.....$..S.......#...#...
#....@b...#+#.#...####
............#.#.#......#
.....##.................
.... #.##....#.#.###...
### ####.##.#.#.......
.........#.......
.....#....#.###..#
..###.............# #
##........#....


You could see an adder and a bat.

Vanquished Creatures
  2 adders (D:2)
  3 giant cockroaches
  3 goblins
  3 hobgoblins
  3 bats (D:1)
  3 frilled lizards
  3 kobolds
  4 rats
24 creatures vanquished.

Notes
Turn   | Place    | Note
-------+----------+-------------------------------------------
     0 | D:1      | Monsterracer the Spriggan Hunter began the quest for the Orb.
     0 | D:1      | Reached XP level 1. HP: 10/10 MP: 2/2
    78 | D:1      | Reached skill level 1 in Unarmed Combat
   188 | D:1      | Reached XP level 2. HP: 11/14 MP: 3/3
  1219 | D:2      | HP: 7/14 [adder (3)]
  1430 | D:2      | HP: 7/14 [poisoned by an adder]
  1438 | D:2      | HP: 5/14 [poisoned by an adder]
  1439 | D:2      | Reached XP level 3. HP: 7/18 MP: 4/4
  1446 | D:2      | HP: 6/18 [poisoned by an adder]
  1776 | D:2      | HP: 9/18 [adder (3)]
  1780 | D:2      | HP: 4/18 [bat (1)]
  1780 | D:2      | Slain by an adder

Skill      XL: |  1  2 |
---------------+-------+-----
Unarmed Combat | 1 2 |  2.5
Fighting       | |  1.5
Throwing       | |  4.0
Dodging        | |  3.0
Stealth        | |  1.5

Action                   || total
-------------------------++-------
Melee: Short sword       ||    20
       Unarmed           ||    76
Throw: Throwing net      ||     1
       Tomahawk          ||     9
 Stab: Held in net/web   ||     2
       Sleeping          ||     2
Armor: Robe              ||    10
Dodge: Dodged            ||    84

Vault maps used:
D:1:      tarquinn_simple_flora_water_e, kennysheep_small_spiral, hex_medium
D:2:      uniq_crazy_yiuf_cottage
